 Dungeon Crawl Stone Soup version 0.31.0-11-ge490571c62 (webtiles) character file.

Game seed: 8052678834205936781

207346 Bobbunny the Warrior (level 17, -2/163 (170) HPs)
             Began as a Minotaur Fighter on Feb 3, 2024.
             Was the Champion of Ru.
             Slain by a +2 dire flail of protection (15 damage)
             ... on level 2 of the Elven Halls.
             The game lasted 00:49:22 (38633 turns).

Bobbunny the Warrior (Minotaur Fighter)            Turns: 38633, Time: 00:49:23

HP:   -2/163 (170)  AC: 23    Str: 27    XL:     17   Next: 9%
MP:   14/14         EV: 18    Int:  4    God:    Ru [******]
Gold: 2328          SH:  0    Dex:  8    Spells: 16/16 levels left

rFire   + . .        B - +3 great mace (protect)
rCold   . . .        (shield currently unavailable)
rNeg    + + .        R - +7 scale mail of the Original Sin {Rampage rF+ rN+}
rPois   .            P - +2 hat
rElec   +            b - +1 cloak of Privacy {rElec rN+}
rCorr   .            L - +0 pair of gloves
SInv    +            (no boots)
Will    +++..        u - necklace of Bloodlust {Fury *Rage Will++ Int-3 Slay+6} Stlth
                     h - +5 ring of evasion
HPRegen 0.47/turn    m - ring of see invisible
MPRegen 0.14/turn

%: inaccuracy (-5), random rage (50%), rampage
@: about to teleport, on berserk cooldown, lightly drained
A: horns 2, clumsy 1, low MP 1, screaming 1, no stealth, hated by all, unskilled
1, inexperienced 1, missing an eye, retaliatory headbutt
}: 1/15 runes: serpentine
a: Renounce Religion, Draw Out Power, Power Leap, Apocalypse


You were on level 2 of the Elven Halls.
You worshipped Ru.
Ru was exalted by your worship.
You visited 5 branches of the dungeon, and saw 25 of its levels.
You also visited: Volcano.

You collected 2550 gold pieces.
You spent 222 gold pieces at shops.

Inventory:

Hand Weapons
 B - a +3 great mace of protection (weapon)
 G - the +6 falchion of Doors {heavy, Stlth+}
   (You took it off a deep elf pyromancer on level 1 of the Elven Halls)

   Stlth+:    It makes you more stealthy.
 I - a +0 great mace of draining
Missiles
 f - 60 poisoned darts
 A - 2 throwing nets
 E - 15 curare-tipped darts
 M - 5 darts of dispersal
 N - 9 javelins
 Q - 12 boomerangs (quivered)
Armour
 b - the +1 cloak of Privacy (worn) {rElec rN+}
   (You found it on level 3 of the Snake Pit)

   rElec:     It insulates you from electricity.
   rN+:       It protects you from negative energy.
 s - a scarf of resistance
 L - a +0 pair of gloves (worn)
 P - a +2 hat (worn)
 R - the +7 scale mail of the Original Sin (worn) {Rampage rF+ rN+}
   (You found it on level 7 of the Dungeon)

   rF+:       It protects you from fire.
   rN+:       It protects you from negative energy.
   Rampage:   It bestows one free step when moving towards enemies.
 Z - the +2 hat of the Bear Spirit {Spirit, Bear, *Rage Will++}
   (You found it on level 5 of the Lair of Beasts)

   Bear:      Going berserk makes the wearer exceptionally tough, and they are
   slowed for a shorter time afterward.
   Will++:    It greatly increases your willpower.
   *Rage:     It berserks you when you make melee attacks (+20% chance).
Jewellery
 a - a ring of resist corrosion
 h - a +5 ring of evasion (left hand)
 m - a ring of see invisible (right hand)
 r - a ring of poison resistance
 u - the necklace of Bloodlust (around neck) {Fury *Rage Will++ Int-3 Slay+6}
   (You found it on level 9 of the Dungeon)

   [amulet of nothing]

   Fury:      It extends the wearer's berserk rage when killing foes.
   Int-3:     It affects your intelligence (-3).
   Slay+6:    It affects your accuracy & damage with ranged weapons and melee
   (+6).
   Will++:    It greatly increases your willpower.
   *Rage:     It berserks you when you make melee attacks (+50% chance).
 v - a ring of protection from fire
 Y - a ring of flight
Wands
 e - a wand of digging (11)
 C - a wand of flame (49)
 H - a wand of light (12)
 X - a wand of iceblast (8)
Scrolls
 g - 4 scrolls of poison
 i - 16 scrolls of teleportation
 n - 4 scrolls of vulnerability
 o - 3 scrolls of enchant weapon
 t - 3 scrolls of immolation
 x - 7 scrolls of enchant armour
 y - 4 scrolls of fear
 D - a scroll of identify
 F - 3 scrolls of blinking
 K - 6 scrolls of fog
 O - a scroll of revelation
Potions
 c - 5 potions of enlightenment
 d - 3 potions of might
 j - 5 potions of lignification
 k - 7 potions of haste
 l - 9 potions of curing
 p - 6 potions of cancellation
 q - a potion of berserk rage
 w - 6 potions of heal wounds
 z - 9 potions of mutation
 J - 13 potions of ambrosia
 S - 6 potions of magic {unknown}
 U - 6 potions of resistance {unknown}
 V - a potion of invisibility
 W - 2 potions of attraction
Miscellaneous
 T - a tin of tremorstones (2/2)


   Skills:
 + Level 19.9 Fighting
 + Level 18.2 Maces & Flails
 - Level 10.0 Throwing
 + Level 14.7 Armour
 - Level 11.0 Dodging
 - Level 11.8 Shields
 - Level 5.0 Evocations


You had 16 spell levels left.
You didn't know any spells.
Your spell library contained the following spells:

 Spells                   Type           Power      Damage    Failure   Level
 Kiss of Death            Conj/Necr      0%         2d5       69%         1
 Necrotise                Necr           0%         1d4       69%         1
 Shock                    Conj/Air       0%         1d3       69%         1
 Cigotuvi's Dreadful Rot  Necr/Alch/Air  0%         N/A       83%         2
 Jinxbite                 Hex            0%         N/A       83%         2
 Sublimation of Blood     Necr           0%         N/A       83%         2
 Gell's Gravitas          Tloc           0%         N/A       96%         3
 Inner Flame              Hex/Fire       0%         N/A       96%         3
 Swiftness                Air            0%         N/A       96%         3
 Airstrike                Air            0%         2d(0-16)  100%        4
 Dimensional Bullseye     Hex/Tloc       0%         N/A       100%        4
 Dispel Undead            Necr           0%         3d6       100%        4
 Ignite Poison            Fire/Alch      0%         N/A       100%        4
 Iskenderun's Mystic Bla  Conj/Tloc      0%         2d3       100%        4
 Leda's Liquefaction      Alch/Erth      0%         N/A       100%        4
 Petrify                  Alch/Erth      0%         N/A       100%        4
 Vhi's Electric Charge    Tloc/Air       0%         N/A       100%        4
 Arcjolt                  Conj/Air       0%         1d10      100%        5
 Borgnjor's Vile Clutch   Necr/Erth      0%         N/A       100%        5
 Freezing Cloud           Conj/Ice/Air   0%         6-21      100%        5
 Irradiate                Conj/Alch      0%         3d11      100%        5
 Lee's Rapid Deconstruct  Erth           0%         3d4*      100%        5
 Yara's Violent Unravell  Hex/Alch       0%         3d3       100%        5
 Bombard                  Conj/Erth      0%         9d1       100%        6
 Plasma Beam              Fire/Air       0%         2x1d10    100%        6
 Enfeeble                 Hex            0%         N/A       100%        7
 Chain Lightning          Conj/Air       0%         N/A       100%        9
 Fire Storm               Conj/Fire      0%         5d1       100%        9
 Shatter                  Erth           0%         3d5*      100%        9
 Tukima's Dance           Hex            Unusable   N/A       N/A         3
 Animate Dead             Necr           Unusable   N/A       N/A         4
 Martyr's Knell           Necr/Summ      Unusable   N/A       N/A         4
 Death Channel            Necr           Unusable   N/A       N/A         6
 Malign Gateway           Summ/Tloc      Unusable   N/A       N/A         7
 Summon Horrible Things   Summ           Unusable   N/A       N/A         8

Dungeon Overview and Level Annotations

Branches:
Dungeon (12/15)            Temple (0/1) D:6            Lair (5/5) D:8
 Shoals (0/4) Lair:2        Snake (4/4) Lair:3        Slime (0/5) Lair:4
    Orc (2/2) D:11            Elf (2/3) Orc:2       Volcano (visited)

Altars:
Ashenzari
Cheibriados
Kikubaaqudgha
Nemelex Xobeh
Qazlal
Ru
Wu Jian
Zin
The Shining One

Shops:
Orc:2 **[(   Elf:1 (   Snake:2 [


Innate Abilities, Weirdness & Mutations

You have a pair of horns on your head.
You are clumsy. (Dex -2)
Your magical capacity is low. (-10% MP)
You occasionally shout uncontrollably at your foes.
You cannot be stealthy.
You are hated by all.
You are somewhat unskilled. (-1 Apt)
You are somewhat inexperienced. (-1 XL)
You are missing an eye, making it more difficult to aim.
You reflexively headbutt those who attack you in melee.


Message History

You headbutt the fire elemental!
The deep elf zephyrmancer points at you and mumbles some strange words.
The bolt of lightning misses you.
A deep elf knight comes into view. It is wielding a +0 long sword.
You closely miss the deep elf zephyrmancer.
The deep elf zephyrmancer is severely wounded.
The deep elf knight shouts!
The fire elemental is stunned by your conviction and fails to attack.
The fire elemental completely misses you.
As you read the scroll of teleportation, it crumbles to dust.
You feel strangely unstable.
The deep elf zephyrmancer hits you but does no damage.
The fire elemental is stunned by your conviction and fails to attack.
The +2 dire flail of protection hits you!
* * * LOW HITPOINT WARNING * * *
The deep elf pyromancer points at you and mumbles some strange words.
The bolt of fire misses you.
The bolt of fire hits the +2 dire flail of protection.
The +2 dire flail of protection resists.
You miss the deep elf zephyrmancer.
The deep elf zephyrmancer is severely wounded.
The deep elf zephyrmancer points at you and mumbles some strange words.
The bolt of lightning hits you. You resist.
* * * LOW HITPOINT WARNING * * *
The fire elemental misses you. x2
The +2 dire flail of protection hits you.
* * * LOW HITPOINT WARNING * * *
You hear a shout!
The fire elemental is no longer moving slowly.
The deep elf zephyrmancer points at you and mumbles some strange words.
The bolt of lightning hits you! You resist.
* * * LOW HITPOINT WARNING * * *
The +2 dire flail of protection attacks as it pursues you!
The +2 dire flail of protection is stunned by your conviction and fails to attack.
The deep elf pyromancer points at you and mumbles some strange words.
The bolt of fire hits the fire elemental.
The fire elemental completely resists.
The bolt of fire hits you! You resist.
* * * LOW HITPOINT WARNING * * *
The +2 dire flail of protection hits you!
You die...

.###..#.##.....##
.# #..)#.#......##
......#.###......#
######### ##.....#
##. ##.....##
#...##....e##
........)^.##
......).))EE##
.....#.)○☼(@#
....###)○(e## ...#
##..## ... #...#
.. #.e...#
........#
........##
........##
........#


You could see a deep elf knight, a deep elf pyromancer, a deep elf zephyrmancer,
2 fire elementals and 2 dancing weapons.

Vanquished Creatures
  Saint Roka (Snake:4)
  Jorgrun (Elf:1)
  Agnes (Elf:2)
  2 nagarajas
  A deep elf sorcerer (Elf:2)
  The ghost of SigmundSlayer the Executioner, an adept DsBe of Trog (Snake:3)
  A deep elf elementalist (Elf:1)
  A vampire knight (D:12)
  The ghost of ImmortalVenerable the Impaler, a journeyman MiFi of Yredelemnul (Lair:4)
  A deep elf demonologist (Elf:2)
  Azrael (Orc:2)
  3 deep elf annihilators (Elf:1)
  A war gargoyle (D:12)
  4 dire elephants (Lair:5)
  The ghost of Sirjeffry24 the Skirmisher, a journeyman BaHu of Okawaru (D:12)
  Josephine (D:12)
  Erolcha (D:9)
  2 salamander tyrants (Snake:4)
  2 hydras (Lair:3)
  13 anacondas
  4 death knights (D:12)
  3 centaur warriors (D:12)
  3 two-headed ogres
  A catoblepas (Lair:4)
  10 naga warriors
  A two-headed ogre (shapeshifter) (D:12)
  20 dancing weapons
  2 death yaks (Lair:5)
  9 shock serpents
  3 orc high priests
  Urug (Lair:5)
  16 naga sharpshooters
  15 deep elf knights
  The ghost of peterlawrence the Basher, a novice MiFi of Okawaru (D:7)
  A fire crab (shapeshifter) (D:12)
  A spectral death yak (Lair:5)
  A spectral anaconda (Lair:5)
  3 salamander mystics
  An obsidian statue (Lair:5)
  A flayed ghost (D:12)
  18 naga ritualists
  12 mana vipers
  2 glowing orange brains (D:12)
  3 lindwurms
  2 deep trolls (D:9)
  6 deep elf archers
  23 deep elf pyromancers
  A steelbarb worm (shapeshifter) (D:12)
  4 necromancers (Lair:5)
  3 orc knights (Orc:2)
  22 deep elf zephyrmancers
  5 orc sorcerers
  A cyclops (D:11)
  21 elephants
  4 ugly things (D:12)
  14 salamanders
  7 guardian serpents
  2 meliai (shapeshifter) (D:12)
  A toenail golem (Volcano)
  44 black mambas
  2 torpor snails (Lair:1)
  A kobold blastminer (Orc:2)
  12 naga magi
  A guardian serpent (shapeshifter) (D:12)
  2 molten gargoyles (Volcano)
  An unseen horror (shapeshifter) (D:12)
  Maggie (Lair:2)
  12 cane toads
  Jeremiah (D:6)
  A cane toad (shapeshifter) (D:12)
  2 kobold demonologists
  A rime drake (Lair:5)
  2 efreet (Volcano)
  An unseen horror (D:11)
  10 komodo dragons
  A tengu conjurer (D:12)
  A queen bee (D:9)
  A troll (shapeshifter) (Elf:2)
  2 polar bears
  8 trolls
  A raiju (shapeshifter) (D:12)
  A tarantella (shapeshifter) (D:12)
  4 merfolk (Lair:2)
  16 blink frogs
  Grinder (D:6)
  2 dream sheep (Lair:1)
  Prince Ribbit (D:6)
  2 shadows
  5 centaur simulacra (D:12)
  5 slime creatures (D:12)
  28 yaks
  A wyvern (Lair:1)
  5 wraiths
  Eustachio (D:4)
  An air elemental (Elf:2)
  A dire elephant simulacrum (Lair:5)
  8 fire elementals
  A hog (shapeshifter) (D:12)
  A basilisk (shapeshifter) (D:12)
  8 basilisks
  A human (shapeshifter) (D:12)
  A steam dragon (D:8)
  3 neqoxecs (D:12)
  A water elemental (Elf:2)
  4 wargs
  18 vampire mosquitoes
  An acid dragon (D:11)
  A death yak simulacrum (Lair:5)
  6 hell hounds (Orc:2)
  23 nagas
  16 water moccasins
  18 orc warriors
  An ice beast (D:8)
  A black bear (shapeshifter) (Elf:1)
  2 black bears
  7 wolves
  7 centaurs
  9 ogres
  3 elephant skeletons (Lair:5)
  13 kobold brigands
  A weeping skull (D:8)
  14 bullfrogs
  2 gnoll sergeants
  Blork the orc (D:4)
  5 earth elementals
  9 wights
  29 killer bees (D:9)
  An elephant simulacrum (Lair:5)
  3 howler monkeys (D:12)
  6 electric eels
  2 bombardier beetles
  A jelly (D:7)
  27 orc priests
  Crazy Yiuf (D:4)
  8 hounds
  A gnoll bouda (D:6)
  5 iguanas
  5 hell rats (Lair:3)
  Natasha (thrice) (D:3)
  51 orc wizards
  17 gnolls
  6 adders
  A shadow imp (D:6)
  3 white imps
  2 ufetubi (D:7)
  4 dart slugs
  2 ribbon worms (D:4)
  75 orcs
  3 ball pythons
  3 bats
  3 endoplasms (D:1)
  4 giant cockroaches
  8 hobgoblins
  4 jackals (D:3)
  11 kobolds
  3 frilled lizards
  9 goblins
  5 rats
  A spectral orc (D:8)
963 creatures vanquished.

Vanquished Creatures (others)
  A dancing weapon (Elf:2)
  A naga sharpshooter (Snake:1)
  2 deep elf pyromancers (Elf:1)
  An orc sorcerer (Orc:2)
  An orc knight (D:12)
  2 salamanders (Snake:4)
  A black mamba (Snake:2)
  A guardian serpent (Snake:4)
  A tengu conjurer (D:12)
  A troll (D:12)
  A wolf (Lair:4)
  2 orc wizards
  5 orcs
20 creatures vanquished.

Grand Total: 983 creatures vanquished

Notes
Turn   | Place    | Note
-------+----------+-------------------------------------------
     0 | D:1      | Bobbunny the Minotaur Fighter began the quest for the Orb.
     0 | D:1      | Reached XP level 1. HP: 19/19 MP: 0/0
   131 | D:1      | Reached skill level 4 in Fighting
   131 | D:1      | Reached XP level 2. HP: 27/27 MP: 1/1
   139 | D:1      | Found a faded altar of an unknown god.
   583 | D:1      | Reached XP level 3. HP: 34/34 MP: 2/2
  1594 | D:2      | Found a blossoming altar of Fedhas.
  1632 | D:3      | Reached XP level 4. HP: 41/41 MP: 3/3
  1649 | D:3      | Reached skill level 5 in Fighting
  1711 | D:3      | Identified the amulet of Red Wine {Reflect Harm +Inv SH+5}
  1730 | D:3      | Found a snail-covered altar of Cheibriados.
  1807 | D:3      | Reached XP level 5. HP: 29/48 MP: 4/4
  1826 | D:3      | HP: 2/50 [something (4)]
  1831 | D:3      | Reached skill level 5 in Maces & Flails
  2040 | D:3      | Noticed Natasha
  2044 | D:3      | Killed Natasha
  2045 | D:3      | Reached skill level 6 in Fighting
  2052 | D:3      | Found a blossoming altar of Fedhas.
  2133 | D:3      | Noticed Natasha
  2141 | D:3      | Killed Natasha
  2158 | D:3      | Noticed Natasha
  2163 | D:3      | Killed Natasha
  2407 | D:4      | Reached XP level 6. HP: 41/57 MP: 5/5
  2481 | D:4      | Noticed Eustachio
  3016 | D:4      | Killed Eustachio
  3017 | D:4      | Reached skill level 7 in Fighting
  3156 | D:4      | Found a sacrificial altar of Ru.
  3167 | D:4      | Reached XP level 7. HP: 65/66 MP: 6/6
  3169 | D:4      | Became a worshipper of Ru the Awakened
  3249 | D:4      | Found a runed translucent door.
  3250 | D:4      | Noticed Crazy Yiuf
  3273 | D:4      | Noticed Blork the orc
  3281 | D:4      | Killed Blork the orc
  3578 | D:4      | Killed Crazy Yiuf
  3673 | D:5      | Entered Level 5 of the Dungeon
  3824 | D:5      | Reached skill level 8 in Fighting
  4087 | D:5      | Found a glowing silver altar of Zin.
  4435 | D:6      | Noticed Grinder
  4444 | D:6      | Reached XP level 8. HP: 46/75 MP: 7/7
  4451 | D:6      | Paralysed by Grinder for 5 turns
  4453 | D:6      | HP: 2/75 [Grinder (9)]
  4455 | D:6      | Killed Grinder
  4456 | D:6      | Reached skill level 9 in Fighting
  4924 | D:6      | Gained mutation: You are somewhat unskilled. (-1 Apt) [Ru
                  | sacrifice]
  4924 | D:6      | Reduced skill Fighting to level 8
  4924 | D:6      | Reached * piety under Ru
  4979 | D:6      | Identified the +6 spear of Nightmares {freeze, Int+3}
  5072 | D:6      | Reached skill level 1 in Throwing
  5277 | D:6      | Noticed Jeremiah
  5293 | D:6      | Killed Jeremiah
  5294 | D:6      | Reached skill level 9 in Fighting
  5540 | D:6      | Reached XP level 9. HP: 42/82 MP: 8/8
  5697 | D:6      | Noticed Prince Ribbit
  5709 | D:6      | Killed Prince Ribbit
  5883 | D:6      | Found a staircase to the Ecumenical Temple.
  6168 | D:7      | Found a stormy altar of Qazlal.
  6455 | D:7      | Found a runed translucent gate.
  6455 | D:7      | Found a runed translucent gate.
  6455 | D:7      | Found a runed translucent gate.
  6456 | D:7      | Noticed peterlawrence's ghost (novice MiFi)
  6456 | D:7      | Noticed a kobold demonologist
  6591 | D:7      | Identified the +7 scale mail of the Original Sin {Rampage
                  | rF+ rN+}
  6719 | D:7      | Identified the +7 great sword "Gosaost" {flame, *Rage rElec
                  | Int+2}
  7151 | D:8      | Noticed a troll
  7310 | D:7      | Gained mutation: You cannot be stealthy. [Ru sacrifice]
  7310 | D:7      | Reached ** piety under Ru
  7319 | D:8      | Killed a troll
  7320 | D:8      | Reached skill level 10 in Fighting
  7577 | D:8      | Reached skill level 10 in Maces & Flails
  7896 | D:8      | Found a staircase to the Lair.
  7924 | D:8      | Reached skill level 5 in Throwing
  8351 | D:8      | Reached XP level 10. HP: 93/94 MP: 9/9
  8459 | D:8      | Reached skill level 11 in Fighting
  8547 | D:8      | Found a glowing golden altar of the Shining One.
  8637 | D:8      | Found a basalt altar of Yredelemnul.
  8774 | D:9      | Noticed a two-headed ogre
  8786 | D:9      | Killed a two-headed ogre
  9068 | D:9      | Reached skill level 12 in Fighting
  9558 | D:9      | Reached XP level 11. HP: 76/105 MP: 10/10
  9677 | D:9      | Noticed Erolcha
  9689 | D:9      | Killed Erolcha
  9950 | D:9      | Gained mutation: Your magical capacity is low. (-10% MP)
                  | [Ru sacrifice]
 10097 | D:9      | Noticed a deep troll
 10100 | D:9      | Noticed a deep troll
 10105 | D:9      | Killed a deep troll
 10114 | D:9      | Killed a deep troll
 10115 | D:9      | Reached skill level 13 in Fighting
 10120 | D:9      | Found the necklace of Bloodlust {Fury *Rage Will++ Int-3
                  | Slay+6}
 10355 | D:10     | Entered Level 10 of the Dungeon
 10570 | D:10     | Found a sparkling altar of Nemelex Xobeh.
 10903 | D:10     | Found an ornate altar of the Wu Jian Council.
 10903 | D:10     | Found an ancient bone altar of Kikubaaqudgha.
 11211 | Lair:1   | Entered Level 1 of the Lair of Beasts
 11334 | Lair:1   | Reached skill level 1 in Dodging
 11658 | Lair:1   | You fall into a shaft and drop 1 floor!
 11727 | Lair:2   | Reached skill level 14 in Fighting
 11745 | Lair:2   | Reached XP level 12. HP: 117/117 MP: 9/9
 11870 | Lair:2   | Gained mutation: You are somewhat inexperienced. (-1 XL)
                  | [Ru sacrifice]
 11870 | Lair:2   | Reached XP level 11. HP: 110/110 MP: 8/8
 11870 | Lair:2   | Reached *** piety under Ru
 11936 | Lair:2   | Noticed Maggie
 11952 | Lair:2   | Killed Maggie
 11953 | Lair:2   | Reached skill level 5 in Shields
 11957 | Lair:2   | Reached skill level 5 in Armour
 12465 | Lair:2   | Found a snail-covered altar of Cheibriados.
 12605 | Lair:2   | Found a staircase to the Shoals.
 13476 | Lair:3   | Found a staircase to the Snake Pit.
 13632 | Lair:3   | Noticed a five-headed hydra
 13642 | Lair:3   | Killed a five-headed hydra
 13643 | Lair:3   | Reached skill level 5 in Dodging
 13654 | Lair:3   | Reached skill level 15 in Fighting
 14235 | Lair:3   | Noticed a four-headed hydra
 14242 | Lair:3   | Killed a four-headed hydra
 14323 | Lair:3   | Gained mutation: You occasionally shout uncontrollably at
                  | your foes. [Ru sacrifice]
 14323 | Lair:3   | Reached **** piety under Ru
 14999 | Lair:4   | Found a staircase to the Slime Pits.
 15177 | Lair:4   | Noticed a catoblepas
 15197 | Lair:4   | Killed a catoblepas
 15198 | Lair:4   | Reached XP level 12. HP: 68/121 MP: 9/9
 15902 | Lair:4   | Found a runed translucent gate.
 15903 | Lair:4   | Found a runed translucent gate.
 15904 | Lair:4   | Found a runed translucent gate.
 15906 | Lair:4   | Noticed ImmortalVenerable's ghost (journeyman MiFi)
 15934 | Lair:4   | Killed ImmortalVenerable's ghost
 16356 | Lair:5   | Entered Level 5 of the Lair of Beasts
 16356 | Lair:5   | Noticed Urug
 16369 | Lair:5   | Killed Urug
 16682 | Lair:5   | Found a dark tunnel.
 16697 | Volcano  | Entered a volcano
 17191 | Volcano  | Gained mutation: You are clumsy. (Dex -2) [Ru sacrifice]
 17338 | Lair:5   | Noticed a dire elephant
 17338 | Lair:5   | Noticed a dire elephant
 17338 | Lair:5   | Noticed a dire elephant
 17338 | Lair:5   | Noticed a dire elephant
 17346 | Lair:5   | Killed a dire elephant
 17352 | Lair:5   | Killed a dire elephant
 17728 | Lair:5   | Killed a dire elephant
 17729 | Lair:5   | Reached skill level 16 in Fighting
 17737 | Lair:5   | Killed a dire elephant
 17972 | Lair:5   | Found the +2 hat of the Bear Spirit {Spirit, Bear, *Rage
                  | Will++}
 19023 | Lair:1   | Reached XP level 13. HP: 129/129 MP: 10/10
 19090 | D:7      | Killed peterlawrence's ghost
 19708 | D:11     | Found a staircase to the Orcish Mines.
 19933 | D:11     | Found a broken altar of Ashenzari.
 20330 | D:12     | Gained mutation: You are hated by all. [Ru sacrifice]
 20330 | D:12     | Reached ***** piety under Ru
 20375 | D:12     | Found a runed translucent door.
 20463 | D:12     | Noticed a vampire knight
 20468 | D:12     | Killed a vampire knight
 20827 | D:12     | Noticed Josephine
 20832 | D:12     | Killed Josephine
 21138 | D:12     | Found a runed translucent gate.
 21138 | D:12     | Found a runed translucent gate.
 21138 | D:12     | Found a runed translucent gate.
 21193 | D:12     | Found a runed translucent gate.
 21193 | D:12     | Found a runed translucent gate.
 21231 | D:12     | Found a runed translucent gate.
 21238 | D:12     | Noticed Sirjeffry24's ghost (journeyman BaHu)
 21290 | D:12     | Killed Sirjeffry24's ghost
 21329 | D:12     | Gained mutation: You are frail. (-10% HP) [mutagenic glow]
 21341 | D:12     | Lost mutation: You are frail. (-10% HP) [mutagenic glow]
 22793 | Snake:1  | Entered Level 1 of the Snake Pit
 22918 | Snake:1  | Reached XP level 14. HP: 138/138 MP: 9/11
 22926 | Snake:1  | Reached skill level 17 in Fighting
 23519 | Snake:1  | Gained mutation: You are missing an eye, making it more
                  | difficult to aim. [Ru sacrifice]
 23519 | Snake:1  | Reached ****** piety under Ru
 23592 | Snake:1  | Reached skill level 10 in Armour
 23595 | Snake:1  | Reached skill level 10 in Shields
 23607 | Snake:1  | Reached skill level 15 in Maces & Flails
 24433 | Snake:2  | Found Ilayph's Armour Emporium.
 24669 | Snake:2  | Noticed a nagaraja
 24681 | Snake:2  | Killed a nagaraja
 26478 | Snake:3  | Reached skill level 10 in Throwing
 26577 | Snake:3  | Found a transporter.
 26581 | Snake:3  | Noticed SigmundSlayer's ghost (adept DsBe)
 26597 | Snake:3  | Reached skill level 10 in Dodging
 26840 | Snake:3  | Found a transporter.
 27208 | Snake:3  | Killed SigmundSlayer's ghost
 27699 | Snake:3  | Reached XP level 15. HP: 148/148 MP: 10/12
 27845 | Snake:3  | Identified the +5 dagger "Concordance" {venom, Will+}
 27975 | Snake:3  | Identified the +1 cloak of Privacy {rElec rN+}
 28350 | Snake:3  | Identified the staff "Impslayer" {+Blink rF+ rN+ Int+4
                  | Necro}
 28510 | Snake:4  | Entered Level 4 of the Snake Pit
 28551 | Snake:4  | Reached skill level 18 in Fighting
 29039 | Snake:4  | Reached skill level 1 in Evocations
 29787 | Snake:4  | Got a serpentine rune of Zot
 30209 | Snake:4  | Noticed Saint Roka
 30232 | Snake:4  | Killed Saint Roka
 32116 | Orc:1    | Entered Level 1 of the Orcish Mines
 32246 | Orc:1    | Reached XP level 16. HP: 159/159 MP: 13/13
 32557 | Orc:2    | Entered Level 2 of the Orcish Mines
 32700 | Orc:2    | Noticed Azrael
 33797 | Orc:2    | Found Tiuh's Armour Shop.
 33804 | Orc:2    | Killed Azrael
 33805 | Orc:2    | Found Laavos's Weapon Shop.
 33806 | Orc:2    | Found Tiobboef's General Store.
 33859 | Orc:2    | Found Biepsata's Assorted Antiques.
 33865 | Orc:2    | Bought a potion of curing for 111 gold pieces
 33865 | Orc:2    | Bought a potion of curing for 111 gold pieces
 33979 | Orc:2    | Found a staircase to the Elven Halls.
 34201 | Elf:1    | Entered Level 1 of the Elven Halls
 34269 | Elf:1    | Noticed Jorgrun
 34279 | Elf:1    | Killed Jorgrun
 34487 | Elf:1    | Reached skill level 19 in Fighting
 34545 | Elf:1    | HP: 6/156 [deep elf knight/+0 long sword (6)]
 34844 | Elf:1    | Reached skill level 5 in Evocations
 35239 | Elf:1    | Identified the +6 falchion of Doors {heavy, Stlth+}
 35309 | Elf:1    | Got the Incunable of Heat
 35315 | Elf:1    | Got Viesubah's Directory of Vile Space
 36184 | Elf:1    | Found Hekoshahe's Antique Weapon Emporium.
 36499 | Elf:2    | Noticed Agnes
 36508 | Elf:2    | Killed Agnes
 36911 | Elf:2    | Paralysed by an air elemental for 1 turns
 38075 | Elf:2    | Reached XP level 17. HP: 170/170 MP: 14/14
 38160 | Elf:2    | Found a huge runed translucent gate.
 38160 | Elf:2    | Found a huge runed translucent gate.
 38161 | Elf:2    | Found a huge runed translucent gate.
 38162 | Elf:2    | Found a huge runed translucent gate.
 38197 | Elf:2    | Found a huge runed translucent gate.
 38633 | Elf:2    | Slain by a +2 dire flail of protection

Illustrated notes

Levels and vault maps discovered:
D:1:      arrival_zaba_pyramid, layout_basic,
          hellmonk_ecumenical_altar_crossroads
D:2:      layout_loops_ring, basic_altar, wander_ebering_terrifying_dragon_lair
D:3:      layout_rooms, fedhas_altar_1, mainiacjoe_overflow_surrounded_room,
          uniq_natasha
D:4:      layout_loops_ring, nicolae_ru_awakened_eye, minmay_pentomino_pile,
          uniq_crazy_yiuf_cottage, uniq_blork_the_orc, uniq_eustachio
D:5:      layout_basic, kennysheep_little_box, blue_anna_alchemist
D:6:      layout_layer_cave, minmay_temple_entry_drinking_statues,
          corexii_shack, serial_library_hellmonk_layered_room,
          minmay_fractal_squares_gapless_5, uniq_prince_ribbit1, uniq_grinder,
          uniq_jeremiah
D:7:      layout_basic, mainiacjoe_overflow_small_starburst,
          gammafunk_ghost_nasty_kobolds
D:8:      layout_loops_ring, mainiacjoe_overflow_tiny_flanked,
          yredelemnul_forgotten_temple_becter, erik_lair_island
D:9:      layout_roguey [special_room_bee], fungi_pond_lemuel,
          hellmonk_guarded_unrand_vitality_bloodlust, uniq_erolcha
D:10:     layout_rooms, nemelex_diamond_rough_becter,
          gammafunk_temple_overflow_wave, lemuel_flamethrower_2
D:11:     layout_cave_pods, orc_0_dummy, cheibrodos_ashenzari_chains
D:12:     regret_index_reflect_refract, layout_irregular_city,
          ploomutoo_gammafunk_ghost_potion_laboratory, minivault_13,
          uniq_josephine
Lair:1:   layout_cellular_growth, st_stairs_3, nicolae_lair_grove_arrangements,
          beast_lair_carwin_11
Lair:2:   layout_layer_cave, elwin_shoals_entry_stream, basic_altar,
          chequers_serial_rivers_small_b, uniq_maggie
Lair:3:   layout_layer_cave, guppyfry_snake_entry_garden, serial_forest,
          infiniplex_forest_clump_small, infiniplex_forest_clump_diagonal,
          infiniplex_forest_lined_2, infiniplex_forest_lined_room_2,
          infiniplex_forest_straight_2, infiniplex_forest_lined_corner,
          infiniplex_forest_lined_2, infiniplex_forest_clump_double,
          grunt_megastairs_2
Lair:4:   layout_cave_pods, slime_entry_1, ebering_ghost_rock_garden,
          chequers_serial_rivers_micro_c, infiniplex_staircase_pool
Lair:5:   due_jungle_book, layout_cellular_growth,
          nicolae_volcano_entry_vermiform, patterned_corridor,
          grunt_megastairs_5, serial_bayou_shore_b, lemuel_fruit_tree, uniq_urug
Snake:1:  layout_layer_cave, grunt_megastairs_4
Snake:2:  layout_layer_cave, serial_shops, shop, nicolae_snake_lava_pool
Snake:3:  layout_gridlike, gammafunk_ghost_arena, grunt_ministairs_13,
          st_stairs_14, nicolae_snake_naga_rites
Snake:4:  grunt_snake_rune_pools, layout_rooms, nicolae_coiled_stairwell_up,
          uniq_saint_roka
Orc:1:    layout_caves, basic_altar
Orc:2:    st_orc_mages, layout_caves, basic_altar, uniq_azrael
Elf:1:    elf_arrival_001, layout_geoelf_octagon, serial_shops,
          nicolae_shop_tiny_real_fake_doors, nicolae_elf_blasts_and_bolts,
          minmay_checkered_concentric_circles, uniq_jorgrun
Elf:2:    elven_hall_of_blades_hangedman_alternative
          [nicolae_blade_entry_crossed_weapons], layout_onion_city, kb_rosetta,
          uniq_agnes

Skill      XL: |  1  2  3  4  5  6  7  8  9 10 11 12 13 14 15 16 |
---------------+-------------------------------------------------+-----
Fighting       | 4 5 6 7 8 9 10 12 15 16 17 18 19 | 19.9
Maces & Flails | 3 4 5 6 8 9 10 12 14 15 16 18 | 18.2
Throwing       | 2 5 6 8 9 10 | 10.0
Dodging        | 6 7 9 10 11 | 11.0
Armour         | 6 8 9 11 12 14 | 14.7
Shields        | 6 8 9 11 | 11.8
Evocations     | 3 5 |  5.0

Action                     |  1- 3 |  4- 6 |  7- 9 | 10-12 | 13-15 | 16-18 || total
---------------------------+-------+-------+-------+-------+-------+-------++-------
  Melee: Flail             |    74 |   111 |       |       |       |       ||   185
         Headbutt          |     6 |    17 |    78 |   224 |   186 |    71 ||   582
         Whip              |       |    15 |   382 |   852 |       |       ||  1249
         Great mace        |       |       |       |     1 |   886 |   559 ||  1446
  Throw: Javelin           |       |       |     2 |     7 |    13 |     5 ||    27
         Boomerang         |       |       |     1 |    43 |    28 |    12 ||    84
         Dart              |       |       |     1 |     4 |       |       ||     5
 Invoke: Sacrifice Skill   |       |       |     1 |       |       |       ||     1
         Sacrifice Stealth |       |       |     1 |       |       |       ||     1
         Sacrifice Purity  |       |       |       |     2 |       |       ||     2
         Sacrifice Essence |       |       |       |     1 |       |       ||     1
         Sacrifice Experie |       |       |       |     1 |       |       ||     1
         Apocalypse        |       |       |       |       |     3 |     1 ||     4
         Sacrifice Love    |       |       |       |       |     1 |       ||     1
         Draw Out Power    |       |       |       |       |     3 |     4 ||     7
         Sacrifice an Eye  |       |       |       |       |     1 |       ||     1
  Evoke: Wand              |       |       |       |     1 |     3 |     2 ||     6
    Use: Potion            |       |     2 |       |       |     2 |     5 ||     9
         Scroll            |       |     1 |     6 |     9 |     7 |     4 ||    27
   Stab: Invisible         |       |       |       |     1 |     3 |     2 ||     6
         Paralysed         |       |       |       |       |    11 |     3 ||    14
         Distracted        |       |       |       |       |     1 |     1 ||     2
 Armour: Scale mail        |    27 |    91 |   215 |   316 |   555 |   384 ||  1588
         Skin              |       |     3 |       |       |       |       ||     3
  Dodge: Dodged            |    44 |    89 |   100 |   211 |   634 |   279 ||  1357
  Block: Buckler           |    16 |    23 |    54 |   119 |       |       ||   212
